MLB
PITTSBURGH PIRATES @ WASHINGTON NATIONALS
06/23/2020
 
TOP OF THE 1ST
Pittsburgh Pirates batting - Pitching for Washington Nationals : RHP Michael Wacha
Pitching: RHP Michael Wacha
Batting: LHB Jarrod Dyson 0-0: Ball
1-0: Foul Ball, location: 2F
1-1: Bunt for hit to 13 - play at first, batter OUT! 1-3
Batting: LHB Adam Frazier 0-0: Ball
1-0: Fly out, F7 (Flyball, 7LM, EV 105.0 MPH)
Batting: SHB Josh Bell 0-0: Foul Ball, location: 2F
0-1: Ball
1-1: Ball
2-1: Called Strike
2-2: Fly out, F8 (Flyball, 8RS, EV 77.5 MPH)
Top of the 1st over - 0 runs, 0 hits, 0 errors, 0 left on base; Pittsburgh 0 - Washington 0
BOTTOM OF THE 1ST
Washington Nationals batting - Pitching for Pittsburgh Pirates : RHP Mitch Keller
Pitching: RHP Mitch Keller
Batting: LHB Adam Eaton 0-0: Ball
1-0: SOLO HOME RUN (Flyball, 9LD, EV 97.5 MPH), Distance : 380 ft
Batting: LHB Juan Soto 0-0: Ball
1-0: Swinging Strike
1-1: Foul Ball, location: 9LSF
1-2: Foul Ball, location: 2F
1-2: Ground out 4-3 (Groundball, 34D, EV 97.5 MPH)
Batting: RHB Trea Turner 0-0: Called Strike
0-1: Fly out, F7 (Flyball, 7S, EV 73.8 MPH)
Batting: LHB Eric Thames 0-0: Ball
1-0: Foul Ball, location: 9LDF
1-1: Called Strike
1-2: Ball
2-2: Strikes out swinging
Bottom of the 1st over - 1 run, 1 hit, 0 errors, 0 left on base; Pittsburgh 0 - Washington 1
TOP OF THE 2ND
Pittsburgh Pirates batting - Pitching for Washington Nationals : RHP Michael Wacha
Batting: LHB Gregory Polanco 0-0: SINGLE (Line Drive, 3D, EV 96.3 MPH)
Batting: SHB Bryan Reynolds 0-0: Ball
1-0: Ball
2-0: Fly out, F5 (Popup, 56S, EV 76.9 MPH)
Batting: RHB Jacob Stallings 0-0: Ball
1-0: Called Strike
1-1: DOUBLE (Line Drive, 7LS, EV 95.0 MPH)
Gregory Polanco to third
Runner from 3rd tries for Home, SAFE, no throw by LF
Batting: LHB JT Riddle 0-0: Called Strike
0-1: Fly out, F6 (Line Drive, 6, EV 65.6 MPH)
Batting: LHB Colin Moran 0-0: Foul Ball, location: 2F
0-1: Ball
1-1: Swinging Strike
1-2: Ball
2-2: Fly out, F8 (Line Drive, 8RD, EV 91.9 MPH)
Top of the 2nd over - 1 run, 2 hits, 0 errors, 1 left on base; Pittsburgh 1 - Washington 1
BOTTOM OF THE 2ND
Washington Nationals batting - Pitching for Pittsburgh Pirates : RHP Mitch Keller
Batting: SHB Asdrubal Cabrera 0-0: Ball
1-0: Ball
2-0: Ball
3-0: Called Strike
3-1: Base on Balls
Batting: RHB Victor Robles 0-0: Ball
1-0: Ball
2-0: Ball
3-0: Called Strike
3-1: Foul Ball, location: 9LDF
3-2: Grounds into double play, 6-4-3 (Groundball, 6S, EV 93.8 MPH)
Batting: RHB Carter Kieboom 0-0: Called Strike
0-1: Ball
1-1: Fly out, F7 (Flyball, 78S, EV 97.5 MPH)
Bottom of the 2nd over - 0 runs, 0 hits, 0 errors, 0 left on base; Pittsburgh 1 - Washington 1
TOP OF THE 3RD
Pittsburgh Pirates batting - Pitching for Washington Nationals : RHP Michael Wacha
Batting: RHB Mitch Keller 0-0: Called Strike
0-1: Ball
1-1: Ball
2-1: Ground out 4-3 (Groundball, 4, EV 87.5 MPH)
Batting: LHB Jarrod Dyson 0-0: Ball
1-0: SINGLE (Groundball, 56S, EV 68.8 MPH) (infield hit)
Batting: LHB Adam Frazier 0-0: Called Strike
0-1: Ball
1-1: Ball
2-1: Ball
3-1: Foul Ball, location: 2F
3-2: SINGLE (Groundball, 34D, EV 95.6 MPH)
Jarrod Dyson to second
Runner from 2nd tries for 3rd, SAFE, throw by RF made to third
Batting: SHB Josh Bell 0-0: Called Strike
0-1: Swinging Strike
0-2: Ball
1-2: Fly out, F6 (Flyball, 4MD, EV 91.3 MPH)
Batting: LHB Gregory Polanco 0-0: Ball
1-0: Called Strike
1-1: Ball
Wild Pitch!
Jarrod Dyson scores
Adam Frazier to second
2-1: Ball
3-1: Base on Balls
Batting: SHB Bryan Reynolds 0-0: Ball
1-0: Foul Ball, location: 2F
1-1: Ball
2-1: Swinging Strike
2-2: DOUBLE (Line Drive, 9LS, EV 94.4 MPH)
Adam Frazier scores
Gregory Polanco to third
Runner from 3rd tries for Home, SAFE, throw by RF to home
Batting: RHB Jacob Stallings 0-0: Called Strike
0-1: Ball
1-1: SINGLE (Line Drive, 56, EV 96.9 MPH)
Bryan Reynolds to third
Throwing error, E7
Bryan Reynolds scores
Jacob Stallings to second
Pitching: LHP Bobby Poyner
Batting: LHB JT Riddle 0-0: Ball
1-0: Ball
2-0: Ball
3-0: Called Strike
3-1: Reached on error, E6 (Groundball, 6, EV 91.9 MPH)
Jacob Stallings to third
Batting: LHB Colin Moran 0-0: Ball
1-0: Ball
2-0: Fielders Choice at 2nd, 6-4 (Groundball, 4M, EV 86.9 MPH)
Top of the 3rd over - 4 runs, 4 hits, 2 errors, 2 left on base; Pittsburgh 5 - Washington 1
BOTTOM OF THE 3RD
Washington Nationals batting - Pitching for Pittsburgh Pirates : RHP Mitch Keller
Batting: RHB Kurt Suzuki 0-0: Swinging Strike
0-1: Foul Ball, location: 2F
0-2: Ball
1-2: Ball
2-2: Foul Ball, location: 2F
2-2: Ball
3-2: Fly out, F7 (Flyball, 7, EV 96.3 MPH)
Batting: LHB Bobby Poyner 0-0: Ball
1-0: Called Strike
1-1: Called Strike
1-2: Ball
2-2: Ball
3-2: Foul Ball, location: 2F
3-2: Strikes out looking
Batting: LHB Adam Eaton 0-0: Foul Ball, location: 7LSF
0-1: SINGLE (Groundball, 34S, EV 72.5 MPH) (infield hit)
Batting: LHB Juan Soto 0-0: Ball
1-0: Ball
2-0: Ball
3-0: Base on Balls
Adam Eaton to second
Batting: RHB Trea Turner 0-0: Ball
1-0: Foul Ball, location: 2F
1-1: Swinging Strike
1-2: Ball
2-2: SINGLE (Line Drive, 7S, EV 89.4 MPH)
Adam Eaton to third
Juan Soto to second
Runner from 3rd tries for Home, SAFE, throw by LF to home
Batting: LHB Eric Thames 0-0: Ball
1-0: Ball
2-0: Ball
3-0: Called Strike
3-1: Base on Balls
Juan Soto to third
Trea Turner to second
Batting: SHB Asdrubal Cabrera 0-0: Ball
1-0: Swinging Strike
1-1: Swinging Strike
1-2: Strikes out swinging
Bottom of the 3rd over - 1 run, 2 hits, 0 errors, 3 left on base; Pittsburgh 5 - Washington 2
TOP OF THE 4TH
Pittsburgh Pirates batting - Pitching for Washington Nationals : LHP Bobby Poyner
Batting: RHB Mitch Keller 0-0: Swinging Strike
0-1: Called Strike
0-2: Ball
1-2: Ball
2-2: Ball
3-2: Strikes out swinging
Batting: LHB Jarrod Dyson 0-0: Ball
1-0: Foul Ball, location: 2F
1-1: Foul Ball, location: 2F
1-2: Strikes out swinging
Batting: LHB Adam Frazier 0-0: Ball
1-0: Ball
2-0: Called Strike
2-1: Foul Ball, location: 2F
2-2: Ball
3-2: Foul Ball, location: 9LMF
3-2: Strikes out swinging
Top of the 4th over - 0 runs, 0 hits, 0 errors, 0 left on base; Pittsburgh 5 - Washington 2
BOTTOM OF THE 4TH
Washington Nationals batting - Pitching for Pittsburgh Pirates : RHP Mitch Keller
Batting: RHB Victor Robles 0-0: Ground out 2-3 (Groundball, 15S, EV 61.9 MPH)
Batting: RHB Carter Kieboom 0-0: Ball
1-0: Ball
2-0: Ball
3-0: Base on Balls
Batting: RHB Kurt Suzuki 0-0: Called Strike
0-1: SINGLE (Line Drive, 3D, EV 97.5 MPH)
Carter Kieboom to second
Runner from 2nd tries for 3rd, SAFE, throw by RF made to third
Pinch Hitting: LHB Yadiel Hernandez 0-0: Called Strike
0-1: DOUBLE (Line Drive, 78M, EV 86.9 MPH)
Carter Kieboom scores
Kurt Suzuki to third
Pinch Runner at 2nd Ryan Zimmerman:
Batting: LHB Adam Eaton 0-0: Ball
1-0: Ball
2-0: Ground out 4-3 (Groundball, 4S, EV 81.9 MPH)
Kurt Suzuki scores
Ryan Zimmerman to third
Batting: LHB Juan Soto 0-0: Ball
1-0: Called Strike
1-1: Swinging Strike
1-2: Ball
2-2: Ball
3-2: Foul Ball, location: 2F
3-2: Base on Balls
Batting: RHB Trea Turner 0-0: Ball
1-0: Called Strike
1-1: Ball
2-1: Ball
3-1: Base on Balls
Juan Soto to second
Batting: LHB Eric Thames 0-0: Called Strike
0-1: Ball
1-1: Ball
Wild Pitch!
Ryan Zimmerman scores
Juan Soto to third
Trea Turner to second
2-1: Called Strike
2-2: Ball
3-2: Base on Balls
Pitching: RHP Chad Kuhl
Batting: SHB Asdrubal Cabrera 0-0: Ball
1-0: Ball
2-0: Ball
3-0: Ground out 4-3 (Groundball, 34D, EV 104.4 MPH)
Bottom of the 4th over - 3 runs, 2 hits, 0 errors, 3 left on base; Pittsburgh 5 - Washington 5
TOP OF THE 5TH
Pittsburgh Pirates batting - Pitching for Washington Nationals : LHP Bobby Poyner
Pitching: RHP Juan Minaya
Batting: SHB Josh Bell 0-0: Foul Ball, location: 2F
0-1: Fly out, F9 (Flyball, 89XD, EV 106.3 MPH)
Batting: LHB Gregory Polanco 0-0: Called Strike
0-1: Ball
1-1: SINGLE (Groundball, 4D, EV 102.5 MPH)
Batting: SHB Bryan Reynolds 0-0: Called Strike
0-1: Ball
1-1: Called Strike
1-2: Ground out 4-3 (Groundball, 4S, EV 68.1 MPH)
Gregory Polanco to second
Batting: RHB Jacob Stallings 0-0: Foul Ball, location: 2F
0-1: Ball
1-1: Foul Ball, location: 9LSF
1-2: Ball
2-2: Fly out, F8 (Flyball, 8LD, EV 90.0 MPH)
Top of the 5th over - 0 runs, 1 hit, 0 errors, 1 left on base; Pittsburgh 5 - Washington 5
BOTTOM OF THE 5TH
Washington Nationals batting - Pitching for Pittsburgh Pirates : RHP Chad Kuhl
Batting: RHB Victor Robles 0-0: Called Strike
0-1: Swinging Strike
0-2: Ball
1-2: Strikes out looking
Batting: RHB Carter Kieboom 0-0: Called Strike
0-1: Foul Ball, location: 9LMF
0-2: Ball
1-2: Ball
2-2: Strikes out swinging
Batting: RHB Kurt Suzuki 0-0: Swinging Strike
0-1: Foul Ball, location: 2F
0-2: Fly out, F5 (Flyball, 5D, EV 96.3 MPH)
Bottom of the 5th over - 0 runs, 0 hits, 0 errors, 0 left on base; Pittsburgh 5 - Washington 5
TOP OF THE 6TH
Pittsburgh Pirates batting - Pitching for Washington Nationals : RHP Juan Minaya
Batting: LHB JT Riddle 0-0: Called Strike
0-1: Ball
1-1: Swinging Strike
1-2: Foul Ball, location: 2F
1-2: Ball
2-2: SOLO HOME RUN (Flyball, 7LD, EV 101.9 MPH), Distance : 395 ft
Batting: LHB Colin Moran 0-0: Foul Ball, location: 5F
0-1: Fly out, F9 (Flyball, 89D, EV 101.9 MPH)
Pinch Hitting: RHB Kevin Newman 0-0: Called Strike
0-1: Called Strike
0-2: Strikes out looking
Batting: LHB Jarrod Dyson 0-0: Ball
1-0: Called Strike
1-1: Ball
2-1: Swinging Strike
2-2: Strikes out swinging
Top of the 6th over - 1 run, 1 hit, 0 errors, 0 left on base; Pittsburgh 6 - Washington 5
BOTTOM OF THE 6TH
Washington Nationals batting - Pitching for Pittsburgh Pirates : RHP Chad Kuhl
Pitching: LHP Robbie Erlin
Pinch Hitting: RHB Michael A. Taylor 0-0: Called Strike
0-1: Ground out 5-3 (Groundball, 5S, EV 76.3 MPH)
Batting: LHB Adam Eaton 0-0: Ground out 5-3 (Groundball, 5, EV 76.3 MPH)
Batting: LHB Juan Soto 0-0: Ball
1-0: Foul Ball, location: 9LSF
1-1: SINGLE (Groundball, 4D, EV 98.8 MPH)
Batting: RHB Trea Turner 0-0: Ground out 4-3 (Groundball, 34, EV 91.9 MPH)
Bottom of the 6th over - 0 runs, 1 hit, 0 errors, 1 left on base; Pittsburgh 6 - Washington 5
TOP OF THE 7TH
Pittsburgh Pirates batting - Pitching for Washington Nationals : RHP Juan Minaya
Pitching: RHP Daniel Hudson
Batting: LHB Adam Frazier 0-0: Called Strike
0-1: Ball
1-1: Ball
2-1: Called Strike
2-2: Ball
3-2: Foul Ball, location: 9LMF
3-2: Base on Balls
Batting: SHB Josh Bell 0-0: Ball
Wild Pitch!
Adam Frazier to second
1-0: Ball
2-0: Ball
3-0: Called Strike
3-1: Foul Ball, location: 5F
3-2: Strikes out looking
Batting: LHB Gregory Polanco 0-0: Ball
1-0: Ball
2-0: Ball
3-0: Base on Balls
Batting: SHB Bryan Reynolds 0-0: Fly out, F4 (Line Drive, 4, EV 73.8 MPH)
Lined into DP, 4-6 (Line Drive, 4, EV 69.4 MPH)
Top of the 7th over - 0 runs, 0 hits, 0 errors, 1 left on base; Pittsburgh 6 - Washington 5
BOTTOM OF THE 7TH
Washington Nationals batting - Pitching for Pittsburgh Pirates : LHP Robbie Erlin
Batting: LHB Eric Thames 0-0: Ball
1-0: Ball
2-0: Fly out, F9 (Line Drive, 9, EV 86.3 MPH)
Batting: SHB Asdrubal Cabrera 0-0: Ball
1-0: Called Strike
1-1: Ball
2-1: Called Strike
2-2: Ball
3-2: Fly out, F8 (Flyball, 8RXD, EV 76.9 MPH)
Batting: RHB Victor Robles 0-0: Foul Ball, location: 2F
0-1: Ball
1-1: Fly out, F8 (Flyball, 8LXD, EV 101.3 MPH)
Bottom of the 7th over - 0 runs, 0 hits, 0 errors, 0 left on base; Pittsburgh 6 - Washington 5
TOP OF THE 8TH
Pittsburgh Pirates batting - Pitching for Washington Nationals : RHP Daniel Hudson
Batting: RHB Jacob Stallings 0-0: Called Strike
0-1: Ball
1-1: Ball
2-1: Ball
3-1: Ground out 6-3 (Groundball, 6M, EV 105.0 MPH)
Batting: LHB JT Riddle 0-0: Ground out 6-3 (Groundball, 6, EV 95.0 MPH)
Batting: LHB Colin Moran 0-0: Called Strike
0-1: Foul Ball, location: 2F
0-2: Foul Ball, location: 7LSF
0-2: Strikes out looking
Top of the 8th over - 0 runs, 0 hits, 0 errors, 0 left on base; Pittsburgh 6 - Washington 5
BOTTOM OF THE 8TH
Washington Nationals batting - Pitching for Pittsburgh Pirates : LHP Robbie Erlin
Batting: RHB Carter Kieboom 0-0: Ball
1-0: Foul Ball, location: 2F
1-1: Called Strike
1-2: Strikes out looking
Batting: RHB Kurt Suzuki 0-0: Called Strike
0-1: Called Strike
0-2: Ball
1-2: Foul Ball, location: 2F
1-2: Ball
2-2: SOLO HOME RUN (Flyball, 7D, EV 93.8 MPH), Distance : 388 ft
Pinch Hitting: RHB Yan Gomes 0-0: Ball
1-0: Called Strike
1-1: Foul Ball, location: 2F
1-2: Strikes out looking
Batting: LHB Adam Eaton 0-0: Ball
1-0: Ball
2-0: Fly out, F8 (Line Drive, 8RD, EV 108.1 MPH)
Bottom of the 8th over - 1 run, 1 hit, 0 errors, 0 left on base; Pittsburgh 6 - Washington 6
TOP OF THE 9TH
Pittsburgh Pirates batting - Pitching for Washington Nationals : RHP Daniel Hudson
Pitching: RHP Will Harris
Pinch Hitting: LHB Kevin Kramer 0-0: Ball
1-0: Foul Ball, location: 2F
1-1: Called Strike
1-2: Strikes out swinging
Batting: LHB Jarrod Dyson 0-0: Ball
1-0: Foul Ball, location: 2F
1-1: Ball
2-1: Called Strike
2-2: Strikes out swinging
Batting: LHB Adam Frazier 0-0: Ball
1-0: Ball
2-0: Fly out, F7 (Flyball, 78D, EV 90.6 MPH)
Top of the 9th over - 0 runs, 0 hits, 0 errors, 0 left on base; Pittsburgh 6 - Washington 6
BOTTOM OF THE 9TH
Washington Nationals batting - Pitching for Pittsburgh Pirates : LHP Robbie Erlin
Pitching: RHP Michael Feliz
Batting: LHB Juan Soto 0-0: Called Strike
0-1: Called Strike
0-2: Ball
1-2: Ball
2-2: Strikes out swinging
Batting: RHB Trea Turner 0-0: Fly out, F9 (Flyball, 9LS, EV 95.6 MPH)
Batting: LHB Eric Thames 0-0: Foul Ball, location: 2F
0-1: Ball
1-1: Ball
2-1: Ball
3-1: Swinging Strike
3-2: Fly out, F7 (Flyball, 7, EV 71.9 MPH)
Bottom of the 9th over - 0 runs, 0 hits, 0 errors, 0 left on base; Pittsburgh 6 - Washington 6
TOP OF THE 10TH
Pittsburgh Pirates batting - Pitching for Washington Nationals : RHP Will Harris
Batting: SHB Josh Bell 0-0: Ball
1-0: Called Strike
1-1: Foul Ball, location: 2F
1-2: Strikes out looking
Batting: LHB Gregory Polanco 0-0: Foul Ball, location: 23F
0-1: Ball
1-1: SINGLE (Line Drive, 9S, EV 91.9 MPH)
Batting: SHB Bryan Reynolds 0-0: Fly out, F7 (Flyball, 7LM, EV 101.3 MPH)
Batting: RHB Jacob Stallings 0-0: Called Strike
0-1: Swinging Strike
0-2: Foul Ball, location: 2F
0-2: Ball
1-2: Ball
Gregory Polanco steals 2nd base
2-2: Ball
3-2: Base on Balls
Pitching: LHP Sean Doolittle
Batting: LHB JT Riddle 0-0: Foul Ball, location: 2F
0-1: Swinging Strike
0-2: Ball
1-2: Ball
2-2: Ground out 4-3 (Groundball, 4, EV 105.0 MPH)
Top of the 10th over - 0 runs, 1 hit, 0 errors, 2 left on base; Pittsburgh 6 - Washington 6
BOTTOM OF THE 10TH
Washington Nationals batting - Pitching for Pittsburgh Pirates : RHP Michael Feliz
Pitching: RHP Keone Kela
Now at C: Luke Maile
Batting: SHB Asdrubal Cabrera 0-0: Ground out 6-3 (Groundball, P, EV 90.0 MPH)
Batting: RHB Victor Robles 0-0: Called Strike
0-1: Ground out 6-3 (Groundball, 6, EV 90.0 MPH)
Batting: RHB Carter Kieboom 0-0: Fly out, F7 (Flyball, 78M, EV 88.1 MPH)
Bottom of the 10th over - 0 runs, 0 hits, 0 errors, 0 left on base; Pittsburgh 6 - Washington 6
TOP OF THE 11TH
Pittsburgh Pirates batting - Pitching for Washington Nationals : LHP Sean Doolittle
Batting: LHB Colin Moran 0-0: Foul Ball, location: 2F
0-1: Called Strike
0-2: Ball
1-2: Foul Ball, location: 2F
1-2: Ball
2-2: Strikes out swinging
Batting: RHB Luke Maile 0-0: Fly out, F8 (Flyball, 8LD, EV 83.1 MPH)
Batting: LHB Jarrod Dyson 0-0: Ball
1-0: Fly out, F8 (Line Drive, 8RD, EV 100.0 MPH)
Top of the 11th over - 0 runs, 0 hits, 0 errors, 0 left on base; Pittsburgh 6 - Washington 6
BOTTOM OF THE 11TH
Washington Nationals batting - Pitching for Pittsburgh Pirates : RHP Keone Kela
Batting: RHB Kurt Suzuki 0-0: Ground out 4-3 (Groundball, 4S, EV 82.5 MPH)
Pinch Hitting: RHB Starlin Castro 0-0: Called Strike
0-1: Ball
1-1: Swinging Strike
1-2: Strikes out swinging
Batting: LHB Adam Eaton 0-0: Ball
1-0: Called Strike
1-1: Swinging Strike
1-2: Ball
2-2: Foul Ball, location: 2F
2-2: Ball
3-2: SINGLE (Groundball, 34S, EV 75.0 MPH) (infield hit)
Batting: LHB Juan Soto Balk!
Adam Eaton to second
0-0: Intentional Walk
Batting: RHB Trea Turner 0-0: Foul Ball, location: 2F
0-1: Fielders Choice at 2nd, 6-4 (Groundball, 6, EV 88.1 MPH)
Bottom of the 11th over - 0 runs, 1 hit, 0 errors, 2 left on base; Pittsburgh 6 - Washington 6
TOP OF THE 12TH
Pittsburgh Pirates batting - Pitching for Washington Nationals : LHP Sean Doolittle
Pitching: RHP James Bourque
Batting: LHB Adam Frazier 0-0: Foul Ball, location: 2F
0-1: Swinging Strike
0-2: Ball
1-2: Strikes out swinging
Batting: SHB Josh Bell 0-0: Called Strike
0-1: Foul Ball, location: 2F
0-2: Ball
1-2: Ball
2-2: Foul Ball, location: 2F
2-2: Ball
3-2: Foul Ball, location: 2F
3-2: Base on Balls
Batting: LHB Gregory Polanco 0-0: Ball
Wild Pitch!
Josh Bell to second
1-0: Foul Ball, location: 23F
1-1: Called Strike
1-2: Strikes out looking
Batting: SHB Bryan Reynolds 0-0: Ball
1-0: Ball
2-0: Foul Ball, location: 2F
2-1: Foul Ball, location: 7LMF
2-2: Ground out 4-3 (Groundball, 4, EV 80.6 MPH)
Top of the 12th over - 0 runs, 0 hits, 0 errors, 1 left on base; Pittsburgh 6 - Washington 6
BOTTOM OF THE 12TH
Washington Nationals batting - Pitching for Pittsburgh Pirates : RHP Keone Kela
Pitching: RHP Kyle Crick
Now in RF: Guillermo Heredia
Batting: LHB Eric Thames 0-0: TRIPLE (Flyball, 78XD, EV 107.5 MPH)
Batting: SHB Asdrubal Cabrera 0-0: Intentional Walk
Batting: RHB Victor Robles 0-0: Called Strike
0-1: Ground out 4-3 (Groundball, 4, EV 85.6 MPH)
Asdrubal Cabrera to second
Batting: RHB Carter Kieboom 0-0: Called Strike
0-1: Ball
1-1: Foul Ball, location: 9LMF
1-2: Strikes out swinging
Batting: RHB Kurt Suzuki 0-0: Foul Ball, location: 2LF
0-1: Ball
1-1: Ground out 5-3 (Groundball, 56S, EV 81.9 MPH)
Bottom of the 12th over - 0 runs, 1 hit, 0 errors, 2 left on base; Pittsburgh 6 - Washington 6
TOP OF THE 13TH
Pittsburgh Pirates batting - Pitching for Washington Nationals : RHP James Bourque
Batting: RHB Guillermo Heredia 0-0: Foul Ball, location: 2F
0-1: Ball
1-1: Ball
2-1: Ball
3-1: Fly out, F7 (Flyball, 78D, EV 100.0 MPH)
Batting: LHB JT Riddle 0-0: Called Strike
0-1: SINGLE (Groundball, 13, EV 78.1 MPH) (infield hit)
Pitching: RHP Wander Suero
Batting: LHB Colin Moran 0-0: Fielders Choice at 2nd, 4-6 (Groundball, 4, EV 91.9 MPH)
Batting: RHB Luke Maile 0-0: Foul Ball, location: 2F
0-1: Fielders Choice at 2nd, 6-4 (Groundball, 6, EV 93.1 MPH)
Top of the 13th over - 0 runs, 1 hit, 0 errors, 1 left on base; Pittsburgh 6 - Washington 6
BOTTOM OF THE 13TH
Washington Nationals batting - Pitching for Pittsburgh Pirates : RHP Kyle Crick
Batting: RHB Wander Suero 0-0: Ball
1-0: Ball
2-0: Ball
3-0: Base on Balls
Batting: LHB Adam Eaton 0-0: Ball
1-0: Sac Bunt to 2R - play at first, batter OUT! 2-4
Wander Suero to second
Batting: LHB Juan Soto 0-0: Intentional Walk
Batting: RHB Trea Turner 0-0: Ball
1-0: Ball
2-0: Fielders Choice at 2nd, 5-4 (Groundball, 56S, EV 78.8 MPH)
Wander Suero to third
Batting: LHB Eric Thames 0-0: Called Strike
0-1: Ball
1-1: Ball
2-1: Fly out, F9 (Flyball, 9LM, EV 82.5 MPH)
Bottom of the 13th over - 0 runs, 0 hits, 0 errors, 2 left on base; Pittsburgh 6 - Washington 6
TOP OF THE 14TH
Pittsburgh Pirates batting - Pitching for Washington Nationals : RHP Wander Suero
Batting: LHB Jarrod Dyson 0-0: Foul Ball, location: 2F
0-1: Ground out 5-3 (Groundball, 5, EV 90.6 MPH)
Batting: LHB Adam Frazier 0-0: Foul Ball, location: 2F
0-1: Ground out 5-3 (Groundball, 56, EV 85.6 MPH)
Batting: SHB Josh Bell 0-0: Ball
1-0: Called Strike
1-1: Called Strike
1-2: Ball
2-2: Ball
3-2: Strikes out swinging
Top of the 14th over - 0 runs, 0 hits, 0 errors, 0 left on base; Pittsburgh 6 - Washington 6
BOTTOM OF THE 14TH
Washington Nationals batting - Pitching for Pittsburgh Pirates : RHP Kyle Crick
Batting: SHB Asdrubal Cabrera 0-0: Ball
1-0: Fly out, F8 (Flyball, 89D, EV 71.9 MPH)
Batting: RHB Victor Robles 0-0: Ball
1-0: Ball
2-0: SINGLE (Line Drive, 89S, EV 104.4 MPH)
Pitching: RHP Dovydas Neverauskas
Batting: RHB Carter Kieboom 0-0: Called Strike
0-1: Ball
1-1: DOUBLE (Line Drive, 89D, EV 112.5 MPH)
Victor Robles to third
Runner from 3rd tries for Home, SAFE, throw by RF to trailing runner, SAFE at third!
Monday, June 29th, 2020 - OOTP Baseball 21.4 Build 63